 Dungeon Crawl Stone Soup version 0.29.0-13-gc9e81de378 (webtiles) character file.

Game seed: 2526170535416917859

337804 smilodon the Grand Scion (level 21, -11/144 (146) HPs)
             Began as a Demonspawn Fighter on Sept 8, 2022.
             Was a High Priest of Hepliaklqana.
             Killed from afar by a spark wasp (16 damage)
             ... with a living lightning
             ... on level 2 of the Depths on Sept 9, 2022.
             The game lasted 03:21:59 (53602 turns).

smilodon the Grand Scion (Demonspawn Fighter)      Turns: 53602, Time: 03:22:00

HP:   -11/144 (146) AC: 23    Str: 23    XL:     21   Next: 1%
MP:   53/53         EV: 19    Int: 14    God:    Hepliaklqana [*****.]
Gold: 2958          SH: 24    Dex: 24    Spells: 34/39 levels left

rFire   . . .      SeeInvis .   I - +6 trident (elec)
rCold   . . .      Faith    +   Z - +2 tower shield {reflect}
rNeg    . . .      Spirit   .   P - +0 swamp dragon scales
rPois   +          Reflect  +   (helmet unavailable)
rElec   .          Harm     .   (no cloak)
rCorr   +          Rampage  ∞   C - +5 pair of gloves of Cheibriados's Envy {Str+5 Dex-3}
Will    ++...                   M - +3 pair of seven-league boots {Rampage+∞}
Stlth   ++........              k - amulet "Heurr" {Faith Contam MP+9 Int+2 Dex+7}
HPRegen 0.34/turn               p - ring "Yttiq" {Fly rCorr MP+9}
MPRegen 0.33/turn               j - +4 ring of slaying

@: mighty, flying, studying 2 skills, lightly drained
A: reduced essence, horns 3, icemail 1, powered by pain 3, augmentation 3,
sturdy frame 2, condensation shield, strong-willed 1
}: 2/15 runes: decaying, serpentine
a: Renounce Religion, Recall Ancestor, Ancestor Identity, Transference, Idealise


You were on level 2 of the Depths.
You worshipped Hepliaklqana.
Hepliaklqana was extremely pleased with you.
You visited 7 branches of the dungeon, and saw 35 of its levels.
You also visited: Gauntlet, Ice Cave and Volcano.

You collected 4379 gold pieces.
You spent 1421 gold pieces at shops.

Inventory:

Hand Weapons
 I - a +6 trident of electrocution (weapon)
Missiles
 d - a throwing net
 h - 7 curare-tipped darts
 V - 9 silver javelins (quivered)
Armour
 C - the +5 pair of gloves of Cheibriados's Envy (worn) {Str+5 Dex-3}
   (You bought it in a shop on level 15 of the Dungeon)

   Str:       It affects your strength (+5).
   Dex:       It affects your dexterity (-3).
 M - the +3 pair of seven-league boots (worn) {Rampage+∞}
   (You found it on level 1 of the Lair of Beasts)

   Its wearer moves as far as possible in that direction when moving towards
   enemies.
 P - +0 swamp dragon scales (worn)
 Z - a +2 tower shield of reflection (worn)
Jewellery
 a - a ring of see invisible
 g - the amulet of the King {Faith rF+ rN+++ Str+4 Dex-4}
   (You took it off a deep elf elementalist on level 3 of the Elven Halls)

   [amulet of faith]

   It allows you to gain divine favour quickly.
   Str:       It affects your strength (+4).
   Dex:       It affects your dexterity (-4).
   rF:        It protects you from fire.
   rN:        It renders you almost immune to negative energy.
 j - a +4 ring of slaying (right hand)
 k - the amulet "Heurr" (around neck) {Faith Contam MP+9 Int+2 Dex+7}
   (You took it off a deep elf demonologist on level 3 of the Elven Halls)

   [amulet of faith]

   It allows you to gain divine favour quickly.
   Int:       It affects your intelligence (+2).
   Dex:       It affects your dexterity (+7).
   MP:        It affects your magic capacity (+9).
   Contam:    It causes magical contamination when unequipped.
 p - the ring "Yttiq" (left hand) {Fly rCorr MP+9}
   (You took it off a deep elf demonologist on level 3 of the Elven Halls)

   [ring of flight]

   MP:        It affects your magic capacity (+9).
   Fly:       It grants you flight.
   rCorr:     It protects you from acid and corrosion.
 G - the amulet "Irucoe" {RegenMP MP-9 Str+3 Dex+2}
   (You bought it in a shop on level 10 of the Dungeon)

   [amulet of magic regeneration]

   It increases your rate of magic regeneration.
   Str:       It affects your strength (+3).
   Dex:       It affects your dexterity (+2).
   MP:        It affects your magic capacity (-9).
 H - the ring of Creativity {*Slow +Blink rElec rPois rF+ SInv}
   (You bought it in a shop on level 10 of the Dungeon)

   [ring of see invisible]

   rF:        It protects you from fire.
   rElec:     It insulates you from electricity.
   rPois:     It protects you from poison.
   SInv:      It lets you see invisible.
   +Blink:    It lets you blink.
   *Slow:     It may slow you when you take damage.
 X - the ring of Kindness {rElec Will- rCorr Dex+6}
   (You found it on level 1 of the Snake Pit)

   [ring of dexterity]

   Dex:       It affects your dexterity (+6).
   rElec:     It insulates you from electricity.
   rCorr:     It protects you from acid and corrosion.
   Will:      It decreases your willpower.
Wands
 s - a wand of iceblast (14)
 u - a wand of paralysis (24)
 z - a wand of flame (34)
 Q - a wand of acid (25)
Scrolls
 e - a scroll of fear
 m - 3 scrolls of brand weapon
 o - a scroll of blinking
 y - 2 scrolls of fog
 A - 5 scrolls of silence
 D - 3 scrolls of poison
 E - 8 scrolls of enchant weapon
 F - 2 scrolls of amnesia
 J - 3 scrolls of vulnerability
 N - 8 scrolls of teleportation
 O - 7 scrolls of enchant armour
 R - a scroll of magic mapping
 S - 4 scrolls of immolation
Potions
 c - a potion of might
 n - 3 potions of resistance
 q - a potion of invisibility
 r - 3 potions of berserk rage
 v - 6 potions of brilliance
 w - 6 potions of curing
 B - 2 potions of magic
 L - 9 potions of mutation
 T - 2 potions of ambrosia
Miscellaneous
 i - a phial of floods (inert)
 x - a condenser vane
 K - a lightning rod (4/4)
 U - a phantom mirror (inert)
 W - a tin of tremorstones (1/2)
 Y - a box of beasts (inert)


   Skills:
 + Level 13.6 Fighting
 + Level 12.3 Polearms
 + Level 16.0 Armour
 + Level 10.7 Dodging
 + Level 16.1 Shields
 - Level 9.8 Spellcasting
 * Level 5.8 Air Magic
 - Level 20.1 Invocations
 - Level 4.5 Evocations


You had 34 spell levels left.
You knew the following spells:

 Your Spells              Type           Power      Damage    Failure   Level
a - Swiftness             Air            23%        N/A       10%         3
b - Wereblood             Tmut           6%         N/A       47%         2

Your spell library contained the following spells:

 Spells                   Type           Power      Damage    Failure   Level
 Shock                    Conj/Air       60%        1d6       11%         1
 Airstrike                Air            11%        2d(2-18)  32%         4
 Beastly Appendage        Tmut           12%        N/A       34%         1
 Foxfire                  Conj/Fire      24%        2x1d5     34%         1
 Freeze                   Ice            24%        1d5       34%         1
 Sandblast                Erth           12%        2d6       34%         1
 Mephitic Cloud           Conj/Pois/Air  12%        N/A       43%         3
 Ensorcelled Hibernation  Hex/Ice        12%        N/A       47%         2
 Passwall                 Tmut/Erth      5%         N/A       47%         2
 Sublimation of Blood     Necr           6%         N/A       47%         2
 Conjure Flame            Conj/Fire      6%         6-21      71%         3
 Dazzling Flash           Conj/Hex       12%        N/A       71%         3
 Frozen Ramparts          Ice            12%        1d2       71%         3
 Inner Flame              Hex/Fire       6%         N/A       71%         3
 Spider Form              Tmut/Pois      6%         N/A       71%         3
 Stone Arrow              Conj/Erth      12%        3d7       71%         3
 Summon Guardian Golem    Hex/Summ       6%         N/A       71%         3
 Corpse Rot               Necr/Pois/Air  12%        N/A       85%         4
 Silence                  Hex/Air        7%         N/A       96%         5
 Anguish                  Hex/Necr       3%         N/A       98%         4
 Cause Fear               Hex            3%         N/A       98%         4
 Flame Wave               Conj/Fire      6%         2d5       98%         4
 Hailstorm                Conj/Ice       6%         3d4       98%         4
 Ice Form                 Ice/Tmut       6%         N/A       98%         4
 Passage of Golubria      Tloc           6%         N/A       98%         4
 Petrify                  Tmut/Erth      6%         N/A       98%         4
 Summon Ice Beast         Ice/Summ       6%         N/A       98%         4
 Fireball                 Conj/Fire      3%         3d4       100%        5
 Irradiate                Conj/Tmut      3%         3d12      100%        5
 Iskenderun's Battlesphe  Conj           6%         2d6       100%        5
 Lee's Rapid Deconstruct  Erth           3%         3d6*      100%        5
 Metabolic Englaciation   Hex/Ice        3%         N/A       100%        5
 Eringya's Noxious Bog    Tmut/Pois      3%         N/A       100%        6
 Iron Shot                Conj/Erth      3%         9d2       100%        6
 Simulacrum               Ice/Necr       3%         N/A       100%        6
 Starburst                Conj/Fire      3%         6d3       100%        6
 Statue Form              Tmut/Erth      4%         N/A       100%        6
 Enfeeble                 Hex            3%         N/A       100%        7
 Monstrous Menagerie      Summ           3%         N/A       100%        7
 Spellforged Servitor     Conj/Summ      3%         N/A       100%        7
 Discord                  Hex            3%         N/A       100%        8
 Ignition                 Fire           3%         3d4       100%        8
 Lehudib's Crystal Spear  Conj/Erth      3%         10d2      100%        8


Dungeon Overview and Level Annotations

Branches:
Dungeon (15/15)            Temple (0/1) D:4            Lair (5/5) D:10
  Swamp (4/4) Lair:3        Snake (4/4) Lair:2        Slime (0/5) Lair:4
    Orc (2/2) D:10            Elf (3/3) Orc:2        Vaults (0/5) D:13
 Depths (2/4) D:15          IceCv (visited)         Volcano (visited)
Gauntlet (visited)

Altars:
Ashenzari
Dithmenos
Fedhas
Hepliaklqana
Kikubaaqudgha
Okawaru
Ru
Sif Muna
Uskayaw
Vehumet
Wu Jian
Yredelemnul

Shops:
D:6 *   D:9 =   D:10 *   D:15 [   Orc:2 **![   Elf:2 =   Snake:1 [   Snake:3 =
Depths:1 !?(

Portals:
Hell: Depths:1 Depths:2
Abyss: Depths:1 Depths:2
Pandemonium: Depths:1 Depths:2
Ziggurat: Depths:1
Trove: Depths:2 (give 19 potions of curing)

Annotations:
D:2 1 runed translucent door, Crazy Yiuf
D:7 2 transporters, browni3141's ghost, novice MeDe
D:11 exclusion: 4 oklob plants


Innate Abilities, Weirdness & Mutations

Your life essence is reduced to manifest your ancestor. (-10% HP)
You have a pair of large horns on your head.
A meltable icy envelope protects you from harm. (AC +0)
You are powered by pain.
Your magical and physical power is greatly enhanced at high health.
Your movements are less encumbered by armour. (ER -4)
A meltable shield of frost defends you. (SH +0)
You are strong-willed. (Will+)


Message History

Unknown command.
An ice dragon is nearby!
A sourceless malevolence fills the Depths... and a teleportation trap spontaneously manifests!
You are yanked towards some nearby monsters!
Your surroundings suddenly seem different.
A spark wasp, a tentacled monstrosity and a fire giant come into view.
The fire giant is wielding a +2 great sword of flaming.
Found 117 gold pieces.
The fire giant shouts!
The spark wasp buzzes angrily.
You block the tentacled monstrosity's attack.
The tentacled monstrosity tentacle-slaps you but does no damage. x2
The tentacled monstrosity closely misses you.
You feel much better.
The fire giant hits you but does no damage.
You block the tentacled monstrosity's attack. x2
The tentacled monstrosity tentacle-slaps you but does no damage.
The tentacled monstrosity grabs you.
The tentacled monstrosity constricts you!
You puncture the fire giant! You headbutt the fire giant!
The fire giant is moderately wounded.
The fire giant barely misses you.
The tentacled monstrosity tentacle-slaps you!
The tentacled monstrosity tentacle-slaps you but does no damage.
The tentacled monstrosity tentacle-slaps you.
The tentacled monstrosity constricts you!
* * * LOW HITPOINT WARNING * * *
Blink to where?
Press: ? - help, Dir - move target You escape the tentacled monstrosity's grasp.
A golden dragon comes into view.
As you read the scroll of blinking, it crumbles to dust.
The golden dragon roars deafeningly!
The golden dragon breathes fire at you. The bolt of fire hits you!!!
* * * LOW HITPOINT WARNING * * *
As you read the scroll of fog, it crumbles to dust.
The scroll dissolves into smoke.
The spark wasp bursts into living lightning!
The living lightning hits you!
You die...

,,,,.**,,,*,,,,,*,,,,,,*,,,,####.
,,**,,**,.#..#.,*..,,,,*,,,**,,##
,,,,,,,,,......,,..,,,,,,,,,,,,,#
****,,,,,,...#.**.#**,,,,,,*,,,,,
,,,***,,,,*#...##.# *,#*,,,*,,,,.
,*,,,**,,.##......###.#*,*,*,,,,,
,,,,,,**,.D...§§..§...,,,,,*,,,,,
**,*,,,*,,**#.§§§§.#****,,**,,#.#
**,*,,,*#.* #.§§@#**,,,,,,*,,*#..
,,,*,,,,#.#*#..§##,,,,,,,**,,*##.
*#.#,,,,#......#*,,,,,,,**,,,,,..
#.##,,,*..##..*,,,,,,***,,,,,...
##..#,,,*#.##y**,,*****,,,,,,,...
....##,,,*..XC#,***,,,,,,,,,,*...
#....##,,*#.#.#**,,,,***,**,,*#.#
#.....###,#$C$#,,,**,* *,**,,,.,,
........#######,*,**,***,,,,,,,,,


You could see a tentacled monstrosity, a fire giant and a spark wasp.

Vanquished Creatures
  Vashnia (Snake:4)
  Nikola (Snake:4)
  the Enchantress (Depths:2)
  2 deep elf master archers (Elf:3)
  2 deep elf blademasters (Elf:3)
  A sphinx (Depths:2)
  Donald (Swamp:2)
  2 tengu reavers
  2 thorn hunters
  A fire giant (Depths:2)
  4 nagarajas
  Louise (D:15)
  3 deep elf sorcerers (Elf:3)
  2 frost giants
  An orc warlord (Orc:1)
  4 deep elf elementalists (Elf:3)
  Aizul (Snake:1)
  2 stone giants (Depths:1)
  3 deep elf demonologists
  7 deep elf annihilators
  An eleionoma (Swamp:3)
  A spark wasp (Depths:2)
  Nessos (D:15)
  Azrael (Snake:3)
  A minotaur (Gauntlet)
  2 bunyips
  An ettin (Depths:1)
  4 deep elf death magi (Elf:3)
  Josephine (D:12)
  A fire dragon (Depths:1)
  A deep elf high priest (Elf:3)
  3 shambling mangroves (Swamp:4)
  An ice dragon (Depths:1)
  17 hydras
  4 boulder beetles
  A vault guard (D:13)
  A salamander tyrant (Snake:2)
  2 ogre magi (Orc:2)
  2 ghost crabs
  A rakshasa (D:13)
  4 anacondas
  24 dancing weapons
  10 naga warriors
  7 centaur warriors
  2 catoblepae (Lair:5)
  14 two-headed ogres
  2 spriggan berserkers
  12 death yaks
  4 alligators
  An orc high priest (Orc:2)
  2 deep troll earth magi (Elf:1)
  5 shock serpents
  11 naga sharpshooters
  A vampire mage (D:15)
  Sonja (Orc:1)
  17 deep elf knights
  Urug (Lair:2)
  2 soul eaters (Depths:1)
  2 goliath frogs
  4 salamander mystics
  Amaemon (Lair:1)
  6 skeletal warriors (D:15)
  A spark wasp zombie (D:15)
  2 spriggan druids
  3 deep trolls (Elf:1)
  8 deep elf archers
  8 swamp dragons
  6 naga ritualists
  6 bog bodies
  2 wizards (Volcano)
  3 orc knights
  3 ugly things (D:14)
  A necromancer (D:15)
  A fire giant zombie (D:15)
  12 mana vipers
  7 large abominations (Depths:1)
  23 deep elf pyromancers
  4 manticores
  A frost giant zombie (D:15)
  17 deep elf zephyrmancers
  An orc sorcerer (Elf:2)
  10 salamanders
  4 toenail golems (Volcano)
  5 cyclopes
  2 will-o-the-wisps
  11 elephants
  26 black mambas
  18 naga magi
  2 ice statues (IceCv)
  A torpor snail (Lair:1)
  An orange demon (Lair:1)
  6 guardian serpents
  A gargoyle (D:12)
  12 cane toads
  A rime drake (shapeshifter) (D:12)
  An unseen horror (D:11)
  2 efreet
  8 komodo dragons
  5 ice devils (IceCv)
  2 tengu conjurers (D:14)
  2 anaconda simulacra (IceCv)
  3 trolls
  6 tyrant leeches
  A polar bear (Lair:5)
  Prince Ribbit (D:7)
  12 hornets
  Grinder (D:4)
  7 blink frogs
  3 slime creatures (D:14)
  A spriggan skeleton (D:15)
  A centaur simulacrum (D:15)
  2 air elementals
  2 shadows
  5 wraiths
  3 water elementals
  6 wyverns
  15 spriggans
  Eustachio (D:4)
  5 hogs (Elf:1)
  49 yaks
  2 steam dragons
  3 fire elementals
  2 dire elephant simulacra (IceCv)
  A chaos spawn (Depths:1)
  7 vampire mosquitoes
  6 basilisks
  13 swamp worms
  2 harpy simulacra (IceCv)
  33 nagas
  A warg (Orc:2)
  2 acid dragons
  3 hell hounds (Snake:3)
  4 water moccasins
  2 hexers
  A hydra simulacrum (IceCv)
  3 black bears
  20 orc warriors
  An ice beast (D:5)
  22 ogres
  4 small abominations (Depths:1)
  5 swamp drakes
  13 wolves
  23 centaurs
  5 bullfrogs
  4 gnoll sergeants
  A two-headed ogre simulacrum (IceCv)
  A cane toad simulacrum (Lair:4)
  2 scorpions
  9 wights
  The ghost of afrika the Slasher, a weakling MiBe of Trog (D:3)
  31 killer bees (D:11)
  An elephant simulacrum (Lair:4)
  3 howler monkeys
  8 hounds
  9 orc priests
  2 gnoll boudas
  2 jellies
  Jessica (D:2)
  3 iguanas
  15 orc wizards
  Natasha (thrice) (D:4)
  5 hell rats
  3 wolf simulacra (Lair:4)
  Robin (D:4)
  19 gnolls
  A naga simulacrum (IceCv)
  6 adders
  2 river rats
  A shadow imp (D:6)
  A white imp (D:4)
  A worm (D:2)
  3 dart slugs
  70 orcs
  5 bats
  9 endoplasms
  2 giant cockroaches
  38 goblins
  31 hobgoblins
  10 jackals
  12 kobolds
  6 quokkas
  8 ball pythons
  3 frilled lizards
  10 rats
1096 creatures vanquished.

Vanquished Creatures (collateral kills)
  Kirke (Elf:1)
  Frances (Swamp:1)
  A frost giant (Depths:2)
  A nagaraja (Snake:2)
  An orc warlord (Orc:1)
  A deep elf sorcerer (Elf:3)
  The ghost of Xitaol the Ninja, an adept SpEn of Wu Jian (Snake:2)
  2 deep elf elementalists (Elf:3)
  A reaper (IceCv)
  A spriggan defender (Depths:2)
  An eleionoma (Swamp:2)
  A stone giant (Depths:1)
  4 deep elf demonologists (Elf:3)
  2 deep elf annihilators (Elf:3)
  2 spark wasps (Depths:2)
  A deep elf death mage (Elf:3)
  A shambling mangrove (Swamp:4)
  A rakshasa (D:15)
  5 hydras
  2 spriggan air magi (Depths:2)
  2 ogre magi
  8 two-headed ogres
  A ghost crab (Swamp:1)
  2 salamander tyrants
  A boulder beetle (D:15)
  A catoblepas (Lair:5)
  2 anacondas (Snake:2)
  2 alligators
  8 dancing weapons
  2 naga warriors
  2 death yaks (Lair:5)
  A shock serpent (Snake:3)
  5 naga sharpshooters
  5 deep elf knights
  2 skeletal warriors
  A spriggan druid (Swamp:3)
  2 naga ritualists (Snake:3)
  3 swamp dragons (Swamp:4)
  3 wizards (Volcano)
  A deep elf archer (Elf:2)
  3 ugly things
  8 deep elf pyromancers
  4 deep elf zephyrmancers
  2 orc sorcerers
  2 salamanders (Snake:2)
  A toenail golem (Volcano)
  2 naga magi
  2 elephants (Lair:4)
  4 black mambas
  A guardian serpent (Snake:3)
  A torpor snail (shapeshifter) (Depths:1)
  A cane toad (Lair:2)
  Maggie (Lair:1)
  An unseen horror (D:13)
  2 komodo dragons
  A rime drake (Lair:3)
  A kobold demonologist (D:12)
  An ice devil (IceCv)
  An anaconda simulacrum (IceCv)
  A queen bee (D:11)
  3 trolls
  6 hornets
  2 blink frogs (Lair:2)
  2 tyrant leeches
  2 wyverns
  3 spriggans
  4 water elementals
  A dire elephant simulacrum (IceCv)
  6 yaks
  A shadow (D:10)
  A fire elemental (Elf:1)
  2 chaos spawn (Depths:1)
  2 hogs (Elf:1)
  A large abomination (Depths:1)
  3 wargs
  11 nagas
  A harpy simulacrum (IceCv)
  2 swamp worms
  4 water moccasins
  A swamp drake (Swamp:4)
  8 orc warriors
  A sky beast (D:7)
  5 ogres
  3 wolves
  2 centaurs (D:11)
  A phantom (D:6)
  A bullfrog (Lair:3)
  A kobold brigand (D:7)
  An earth elemental (Elf:2)
  A two-headed ogre simulacrum (IceCv)
  2 wights
  5 killer bees (D:11)
  An orc priest (Orc:1)
  2 iguanas (D:5)
  5 orc wizards
  10 gnolls
  An adder (D:6)
  A shadow imp (D:7)
  23 orcs
  2 kobolds (D:7)
  A ball python (D:11)
  A rat (D:9)
261 creatures vanquished.

Vanquished Creatures (others)
  A deep elf knight (Elf:1)
  A swamp dragon (Swamp:3)
  A black mamba (Snake:3)
  2 bloated husks
  41 hexers
  An orc wizard (Orc:1)
  4 demonic plants (Gauntlet)
  18 foxfires
  14 fungi
  37 plants
  7 toadstools (Swamp:3)
  17 withered plants
144 creatures vanquished.

Grand Total: 1501 creatures vanquished

Notes
Turn   | Place    | Note
-------+----------+-------------------------------------------
     0 | D:1      | smilodon the Demonspawn Fighter began the quest for the
                  | Orb.
     0 | D:1      | Reached XP level 1. HP: 18/18 MP: 1/1
   208 | D:1      | Gained mutation: Your movements are slightly less
                  | encumbered by armour. (ER -2) [demonic ancestry]
   208 | D:1      | Reached XP level 2. HP: 24/24 MP: 2/2
   854 | D:1      | Gained mutation: A meltable shield of frost defends you.
                  | (SH +0) [demonic ancestry]
   854 | D:1      | Reached XP level 3. HP: 28/29 MP: 3/3
  1208 | D:2      | Noticed Jessica
  1214 | D:2      | Killed Jessica
  1321 | D:2      | Reached XP level 4. HP: 34/35 MP: 4/4
  1649 | D:2      | Found a runed translucent door.
  1650 | D:2      | Noticed Crazy Yiuf
  1732 | D:3      | Noticed afrika's ghost (weakling MiBe)
  1872 | D:3      | Found a faded altar of an unknown god.
  1910 | D:3      | Reached skill level 1 in Spellcasting
  2093 | D:3      | Found a runed translucent door.
  2315 | D:3      | Gained mutation: You are strong-willed. (Will+) [potion of
                  | mutation]
  2629 | D:3      | Gained mutation: You have a pair of small horns on your
                  | head. [demonic ancestry]
  2629 | D:3      | Reached XP level 5. HP: 39/42 MP: 6/6
  3349 | D:3      | Found a hazy altar of Hepliaklqana.
  3420 | D:3      | Became a worshipper of Hepliaklqana the Forgotten
  3852 | D:3      | Killed afrika's ghost
  3853 | D:3      | Reached XP level 6. HP: 40/48 MP: 7/9
  3987 | D:4      | Noticed Natasha
  3999 | D:4      | Killed Natasha
  4543 | D:4      | Noticed Eustachio
  4550 | D:4      | Killed Eustachio
  4551 | D:4      | Reached XP level 7. HP: 44/55 MP: 9/11
  4626 | D:4      | Found a staircase to the Ecumenical Temple.
  4795 | D:4      | Noticed Natasha
  4826 | D:4      | Killed Natasha
  4885 | D:4      | Noticed Grinder
  4922 | D:4      | Noticed Robin
  4974 | D:4      | Killed Robin
  5194 | D:4      | Noticed Natasha
  5203 | D:4      | Killed Grinder
  5204 | D:4      | Reached skill level 5 in Fighting
  5225 | D:4      | Killed Natasha
  5632 | D:5      | Entered Level 5 of the Dungeon
  5643 | D:5      | Reached * piety under Hepliaklqana
  5651 | D:5      | Noticed a wraith
  5666 | D:5      | Killed a wraith
  5667 | D:5      | Gained mutation: You sometimes gain a little power by
                  | taking damage. [demonic ancestry]
  5667 | D:5      | Reached XP level 8. HP: 55/55 MP: 12/12
  5824 | D:5      | Found a radiant altar of Vehumet.
  5882 | D:5      | Reached skill level 5 in Shields
  6027 | D:5      | Reached skill level 5 in Armour
  6233 | D:5      | Found a shimmering blue altar of Sif Muna.
  6286 | D:5      | Found an ornate altar of the Wu Jian Council.
  6522 | D:5      | Reached skill level 5 in Polearms
  7232 | D:6      | Found a basalt altar of Yredelemnul.
  7298 | D:6      | Reached ** piety under Hepliaklqana
  7299 | D:6      | Remembered your ancestor Heinrich as a hexer
  7305 | D:6      | Gained mutation: Your movements are less encumbered by
                  | armour. (ER -4) [demonic ancestry]
  7305 | D:6      | Reached XP level 9. HP: 62/62 MP: 13/13
  7601 | D:6      | Found Tojeum's Assorted Antiques.
  7894 | D:7      | Found an iron altar of Okawaru.
  8219 | D:7      | Noticed a moth of wrath
  8232 | D:7      | Found a transporter.
  8233 | D:7      | Noticed browni3141's ghost (novice MeDe)
  8247 | D:7      | Found a transporter.
  8362 | D:7      | Noticed Prince Ribbit
  8365 | D:7      | Reached *** piety under Hepliaklqana
  8370 | D:7      | Killed Prince Ribbit
  8478 | D:7      | Found a shadowy altar of Dithmenos.
  8531 | D:8      | Identified the +1 ring mail "Fitsucae" {Str+6}
  9797 | D:9      | Gained mutation: You have a pair of horns on your head.
                  | [demonic ancestry]
  9797 | D:9      | Reached XP level 10. HP: 49/71 MP: 14/14
  9958 | D:9      | Found Eden's Jewellery Emporium.
 10300 | D:10     | Entered Level 10 of the Dungeon
 10300 | D:10     | Found Jeipavomin's Assorted Antiques.
 10333 | D:10     | Bought a heavily runed platinum amulet for 150 gold pieces
 10333 | D:10     | Identified the amulet "Irucoe" {RegenMP MP-9 Str+3 Dex+2}
                  | (You bought it in a shop on level 10 of the Dungeon)
 10333 | D:10     | Bought a crude brass ring for 150 gold pieces
 10333 | D:10     | Identified the ring of Creativity {*Slow +Blink rElec rPois
                  | rF+ SInv} (You bought it in a shop on level 10 of the
                  | Dungeon)
 10360 | D:10     | Noticed a death yak
 10361 | D:10     | Noticed a death yak
 10425 | D:10     | Noticed a death yak
 10433 | D:9      | Killed a death yak
 10463 | D:9      | Killed a death yak
 10837 | D:9      | Killed a death yak
 11036 | D:10     | Noticed a two-headed ogre
 11043 | D:10     | Killed a two-headed ogre
 11045 | D:10     | Found a staircase to the Lair.
 11077 | D:10     | Reached **** piety under Hepliaklqana
 11099 | D:10     | Reached XP level 11. HP: 67/75 MP: 6/15
 11152 | D:10     | Found a staircase to the Orcish Mines.
 11435 | D:10     | Noticed a two-headed ogre
 11440 | D:10     | Killed a two-headed ogre
 11753 | D:11     | Found a sacrificial altar of Ru.
 11785 | D:11     | Noticed a five-headed hydra
 11795 | D:11     | Killed a five-headed hydra
 11890 | D:11     | Noticed a two-headed ogre
 11898 | D:11     | Killed a two-headed ogre
 12095 | D:11     | Noticed a two-headed ogre
 12098 | D:11     | Noticed a centaur warrior
 12105 | D:11     | Noticed a five-headed hydra
 12187 | Orc:1    | Entered Level 1 of the Orcish Mines
 12570 | Orc:2    | Entered Level 2 of the Orcish Mines
 12570 | Orc:2    | Noticed Sonja
 12615 | Orc:1    | Killed Sonja
 12822 | Orc:2    | Found a dark tunnel.
 12831 | Volcano  | Entered a volcano
 12833 | Volcano  | Noticed a wizard
 12835 | Volcano  | Killed a wizard
 12836 | Volcano  | Reached skill level 1 in Invocations
 12848 | Volcano  | Reached skill level 10 in Shields
 12848 | Volcano  | Reached skill level 2 in Invocations
 12900 | Volcano  | Noticed a +0 mace of flaming
 12908 | Volcano  | Reached skill level 10 in Armour
 12932 | Volcano  | Killed a +0 mace of flaming
 12933 | Volcano  | Reached skill level 3 in Invocations
 12933 | Volcano  | Gained mutation: You sometimes gain power by taking damage.
                  | [demonic ancestry]
 12933 | Volcano  | Reached XP level 12. HP: 65/81 MP: 7/16
 13050 | Volcano  | Reached skill level 10 in Polearms
 13059 | Volcano  | Reached skill level 4 in Invocations
 13437 | Orc:2    | Noticed an orc high priest
 13454 | Orc:2    | Found Postur's Antique Armour Emporium.
 13454 | Orc:2    | Found Wonocho's General Store.
 13454 | Orc:2    | Found Wezit's Distillery.
 13454 | Orc:2    | Found Rusat's Assorted Antiques.
 13454 | Orc:2    | Noticed a two-headed ogre
 13454 | Orc:2    | Noticed a two-headed ogre
 13454 | Orc:2    | Noticed a two-headed ogre
 13454 | Orc:2    | Noticed a two-headed ogre
 13454 | Orc:2    | Noticed a two-headed ogre
 13454 | Orc:2    | Noticed a two-headed ogre
 13454 | Orc:2    | Noticed an ogre mage
 13454 | Orc:2    | Noticed an ogre mage
 13454 | Orc:2    | Noticed a two-headed ogre
 13454 | Orc:2    | Noticed a two-headed ogre
 13454 | Orc:2    | Noticed an ogre mage
 13454 | Orc:2    | Noticed an ogre mage
 13454 | Orc:2    | Noticed a two-headed ogre
 13454 | Orc:2    | Noticed a two-headed ogre
 13454 | Orc:2    | Noticed a two-headed ogre
 13454 | Orc:2    | Noticed a two-headed ogre
 13706 | Orc:2    | Found a staircase to the Elven Halls.
 13736 | Orc:2    | Killed a two-headed ogre
 13737 | Orc:2    | Reached skill level 5 in Invocations
 13882 | Orc:2    | Noticed a two-headed ogre
 14052 | Orc:1    | Killed a two-headed ogre
 14101 | Orc:1    | Killed a two-headed ogre
 14121 | Orc:1    | Killed a two-headed ogre
 14122 | Orc:1    | Reached skill level 6 in Invocations
 14292 | Orc:1    | Killed a two-headed ogre
 14297 | Orc:1    | Killed a two-headed ogre
 14619 | Orc:1    | Killed a two-headed ogre
 15016 | D:10     | Killed a two-headed ogre
 15017 | D:10     | Reached skill level 7 in Invocations
 15155 | Orc:1    | Killed a two-headed ogre
 15179 | D:10     | Killed a two-headed ogre
 15352 | Lair:1   | Entered Level 1 of the Lair of Beasts
 15624 | Lair:1   | Noticed Maggie
 15632 | Lair:1   | Killed Maggie
 15633 | Lair:1   | Gained mutation: Your magical and physical power is
                  | slightly enhanced at high health. [demonic ancestry]
 15633 | Lair:1   | Reached XP level 13. HP: 86/86 MP: 9/18
 15773 | Lair:1   | Found the +3 pair of seven-league boots {Rampage+∞}
 15823 | Lair:1   | Reached skill level 8 in Invocations
 16117 | Lair:1   | Noticed Amaemon
 16127 | Lair:1   | Killed Amaemon
 16273 | Lair:1   | Reached ***** piety under Hepliaklqana
 16713 | Lair:2   | Noticed Urug
 16725 | Lair:2   | Killed Urug
 16816 | Lair:2   | Reached skill level 9 in Invocations
 17357 | Lair:2   | Found a staircase to the Snake Pit.
 18212 | Lair:3   | Reached skill level 10 in Invocations
 18330 | Lair:3   | Found a staircase to the Swamp.
 18718 | Lair:3   | Gained mutation: Your magical and physical power is
                  | enhanced at high health. [demonic ancestry]
 18718 | Lair:3   | Reached XP level 14. HP: 63/92 MP: 12/21
 19223 | Lair:3   | Identified a scroll of acquirement
 19224 | Lair:3   | Acquired a manual of Translocations
 19286 | Lair:4   | Found a frozen archway.
 19306 | IceCv    | Entered an ice cave
 19468 | IceCv    | Noticed a reaper
 19479 | IceCv    | Killed a reaper
 19480 | IceCv    | Reached skill level 11 in Invocations
 20595 | Lair:4   | Found a staircase to the Slime Pits.
 21384 | Lair:5   | Entered Level 5 of the Lair of Beasts
 21404 | Lair:5   | Reached skill level 12 in Invocations
 22030 | Lair:5   | Reached skill level 13 in Invocations
 22619 | Lair:5   | Reached skill level 14 in Invocations
 22885 | Snake:1  | Entered Level 1 of the Snake Pit
 23067 | Snake:1  | Gained mutation: You have a pair of large horns on your
                  | head. [demonic ancestry]
 23067 | Snake:1  | Reached XP level 15. HP: 82/97 MP: 17/26
 23179 | Snake:1  | Reached skill level 15 in Invocations
 23227 | Snake:1  | Found Liujin's Armour Boutique.
 23537 | Snake:1  | Identified the ring of Kindness {rElec Will- rCorr Dex+6}
 23705 | Snake:1  | Identified the +6 war axe "Teosim" {vorpal, rElec}
 24048 | Snake:1  | Identified the +6 great sword "Xypis" {elec, Drain rElec
                  | rCorr}
 24184 | Snake:2  | Reached skill level 16 in Invocations
 24184 | Snake:2  | Noticed Aizul
 24497 | Snake:1  | Killed Aizul
 24963 | Snake:2  | You fall into a shaft and drop 1 floor!
 24974 | Snake:3  | Found Riosud's One-of-a-Kind Rings.
 25045 | Snake:3  | Reached skill level 17 in Invocations
 25618 | Snake:2  | Found a runed translucent door.
 25648 | Snake:2  | Noticed Xitaol's ghost (adept SpEn)
 25672 | Snake:2  | Reached skill level 18 in Invocations
 25758 | Snake:2  | Noticed a nagaraja
 26451 | Orc:2    | Reached skill level 19 in Invocations
 26634 | Orc:2    | Bought a potion of curing for 42 gold pieces
 26634 | Orc:2    | Bought a potion of might for 56 gold pieces
 26634 | Orc:2    | Bought a potion of invisibility for 112 gold pieces
 26634 | Orc:2    | Bought a potion of heal wounds for 70 gold pieces
 26634 | Orc:2    | Bought a potion of haste for 140 gold pieces
 26634 | Orc:2    | Bought a potion of heal wounds for 70 gold pieces
 26634 | Orc:2    | Bought a potion of heal wounds for 70 gold pieces
 26634 | Orc:2    | Bought a potion of might for 56 gold pieces
 26635 | Orc:2    | Bought a potion of heal wounds for 185 gold pieces
 26636 | Orc:2    | Bought a potion of might for 64 gold pieces
 27188 | Swamp:1  | Entered Level 1 of the Swamp
 27468 | Swamp:1  | Reached ****** piety under Hepliaklqana
 27784 | Swamp:1  | Noticed Frances
 27791 | Swamp:1  | Killed Frances
 28400 | Swamp:2  | Reached skill level 20 in Invocations
 28517 | Swamp:2  | Noticed a thorn hunter
 28538 | Swamp:2  | Killed a thorn hunter
 28543 | Swamp:2  | Reached skill level 1 in Dodging
 28871 | Swamp:2  | Gained mutation: A meltable icy envelope protects you from
                  | harm. (AC +0) [demonic ancestry]
 28871 | Swamp:2  | Reached XP level 16. HP: 68/103 MP: 21/30
 29222 | Swamp:2  | Noticed Donald
 29442 | Swamp:2  | Killed Donald
 30863 | D:12     | Found a gate leading to a gauntlet.
 30872 | Gauntlet | Entered a Gauntlet
 30872 | Gauntlet | Found a transporter.
 30934 | Gauntlet | Found a transporter.
 30934 | Gauntlet | Found a transporter.
 30935 | Gauntlet | Found a transporter.
 30943 | Gauntlet | Found a transporter.
 30946 | Gauntlet | Found a transporter.
 30947 | Gauntlet | Found a transporter.
 30955 | Gauntlet | Found a transporter.
 30958 | Gauntlet | Found a transporter.
 30959 | Gauntlet | Found a transporter.
 30967 | Gauntlet | Found a transporter.
 30970 | Gauntlet | Found a transporter.
 30971 | Gauntlet | Found a transporter.
 30979 | Gauntlet | Found a transporter.
 31418 | D:12     | Noticed Josephine
 31426 | D:12     | Killed Josephine
 31468 | D:12     | Reached skill level 5 in Dodging
 31678 | D:13     | Found a blossoming altar of Fedhas.
 32204 | D:13     | Reached skill level 5 in Spellcasting
 32231 | D:13     | Found a gate to the Vaults.
 33097 | D:14     | Identified the +8 hand axe "Otwah" {drain, rPois Will+}
 33464 | D:15     | Entered Level 15 of the Dungeon
 33687 | D:15     | Found Lyopeb's Antique Armour Shop.
 33707 | D:15     | Bought a pair of steaming gloves for 256 gold pieces
 33707 | D:15     | Identified the +5 pair of gloves of Cheibriados's Envy
                  | {Str+5 Dex-3} (You bought it in a shop on level 15 of the
                  | Dungeon)
 33756 | D:15     | Found a broken altar of Ashenzari.
 34261 | D:15     | Found a staircase to the Depths.
 34264 | D:15     | Noticed Nessos
 34282 | D:15     | Noticed Louise
 35144 | Elf:1    | Entered Level 1 of the Elven Halls
 35353 | Elf:1    | Reached XP level 17. HP: 104/113 MP: 19/31
 35468 | Elf:1    | Reached skill level 10 in Fighting
 36049 | Elf:1    | Found an ancient bone altar of Kikubaaqudgha.
 36054 | Elf:1    | Noticed Kirke
 36077 | Elf:1    | Killed Kirke
 37271 | Elf:2    | Found Misyaqiv's Jewellery Emporium.
 37761 | Elf:2    | Paralysed by an air elemental for 1 turns
 37979 | Elf:2    | Found a runed translucent gate.
 37980 | Elf:2    | Found a runed translucent gate.
 37980 | Elf:2    | Found a runed translucent gate.
 39361 | Elf:2    | Gained mutation: Your magical and physical power is greatly
                  | enhanced at high health. [demonic ancestry]
 39361 | Elf:2    | Reached XP level 18. HP: 124/124 MP: 32/32
 39656 | Elf:3    | Entered Level 3 of the Elven Halls
 39718 | Elf:3    | Paralysed by an air elemental for 1 turns
 39780 | Elf:3    | Paralysed by an air elemental for 1 turns
 40175 | Elf:3    | Found the +6 Majin-Bo {vamp, MP+6 Int+6}
 40557 | Elf:3    | Learned a level 3 spell: Swiftness
 41275 | Elf:3    | Identified the amulet of the King {Faith rF+ rN+++ Str+4
                  | Dex-4}
 41707 | Elf:3    | Identified the amulet "Heurr" {Faith Contam MP+9 Int+2
                  | Dex+7}
 42562 | Elf:3    | Identified the ring "Yttiq" {Fly rCorr MP+9}
 42621 | Elf:3    | HP: 5/126 [deep elf elementalist] (16)]
 43136 | Elf:3    | Reached skill level 15 in Shields
 43197 | Elf:3    | Got the Directory of Calling and Jinxing
 43202 | Elf:3    | Got Sif Muna's Precepts of Gusts and Fire
 43229 | Elf:3    | Got the Directory of Congregated Filth
 43263 | Elf:3    | Got Beodedui's Catalogue of Geological Blight
 43287 | Elf:3    | Reached skill level 15 in Armour
 44876 | Swamp:4  | Entered Level 4 of the Swamp
 45164 | Swamp:4  | Reached XP level 19. HP: 131/131 MP: 33/33
 45674 | Swamp:4  | Got a decaying rune of Zot
 45939 | Swamp:4  | Reached XP level 20. HP: 138/138 MP: 34/34
 47050 | Snake:2  | Killed Xitaol's ghost
 47051 | Snake:2  | Identified the +5 morningstar "Juus" {flame, rC+ Dex+7}
 47139 | Snake:3  | Noticed Azrael
 47426 | Snake:3  | Killed Azrael
 47767 | Snake:3  | Learned a level 2 spell: Wereblood
 47826 | Snake:3  | Reached skill level 10 in Dodging
 47828 | Snake:3  | Reached skill level 1 in Air Magic
 48392 | Snake:4  | Entered Level 4 of the Snake Pit
 48760 | Snake:4  | Noticed Nikola
 48780 | Snake:4  | Killed Nikola
 49911 | Snake:4  | Noticed Vashnia
 50428 | Snake:4  | Got a serpentine rune of Zot
 50446 | Snake:4  | Killed Vashnia
 51275 | D:15     | Killed Nessos
 51383 | D:15     | Killed Louise
 51466 | Depths:1 | Entered Level 1 of the Depths
 51586 | Depths:1 | Found a one-way gate leading to the halls of Pandemonium.
 51636 | Depths:1 | Found a gateway to Hell.
 51835 | Depths:1 | Found Diuhuom's Magic Scroll Shop.
 51835 | Depths:1 | Found Zoibb's Distillery.
 52338 | Depths:1 | Found a one-way gateway to a ziggurat.
 52384 | Depths:1 | Found Rynuange's Weapon Shop.
 52401 | Depths:1 | Reached skill level 5 in Air Magic
 52587 | Depths:1 | Found a one-way gate to the infinite horrors of the Abyss.
 52744 | Depths:2 | Found a portal to a secret trove of treasure.
 52818 | Depths:2 | Noticed the Enchantress
 52884 | Depths:2 | Killed the Enchantress
 53394 | Depths:2 | Gained mutation: You are powered by pain. [demonic
                  | ancestry]
 53394 | Depths:2 | Reached XP level 21. HP: 96/146 MP: 35/35
 53585 | Depths:2 | Noticed a golden dragon
 53597 | Depths:2 | Found a hide-covered altar of Uskayaw.
 53601 | Depths:2 | Noticed a golden dragon
 53601 | Depths:2 | HP: 4/144 [golden dragon/bolt of fire (39)]
 53602 | Depths:2 | Killed from afar by a spark wasp

Illustrated notes

Levels and vault maps discovered:
D:1:      ncdulo_lavacross, layout_basic
D:2:      layout_rooms, uniq_crazy_yiuf_cottage, uniq_jessica
D:3:      minmay_goblin_kobold_castle, layout_loops_cross,
          nicolae_hepliaklqana_hippocampus, zin_academy,
          ebering_ecumenical_altar_petrified, hellmonk_ghost_happy_afterlife
D:4:      kennysheep_goblin_castle, layout_loops_corners, temple_pool_b,
          minmay_misc_feat_cross, uniq_grinder, uniq_natasha, uniq_eustachio
D:5:      layout_gridville, overflow_temple_1_default,
          mainiacjoe_overflow_catch_the_wave, palyth_stone_intersect
D:6:      layout_loops_corners, mainiacjoe_overflow_catwalk, serial_shops,
          nicolae_shop_overgrown_old_shop
D:7:      layout_rooms, lemuel_doored_altar, okawaru_ov_weapons_minmay,
          gammafunk_ghost_berserking_beasts, uniq_prince_ribbit1
D:8:      layout_loops_ring, tso_metal_star
D:9:      layout_irregular_city, serial_shops, nicolae_shop_statue_plus
D:10:     layout_basic, dpeg_lair_monsters, hiddenorc1_lemuel, serial_shops,
          nicolae_diamond_shop
D:11:     hangedman_what_comes_after_a, layout_cave_pools,
          nicolae_ru_great_annihilating_truth
D:12:     layout_basic, gauntlet_entry_generic, uniq_josephine
D:13:     minmay_diamond_stairs, layout_basic, david_vaults_5,
          kennysheep_big_empty_room, fedhas_altar_1
D:14:     layout_roguey, evilmike_butchery
D:15:     gammafunk_depths_entry_grave, layout_layer_cave, serial_shops,
          nicolae_shop_crystal, minmay_misc_feat_alley, st_stairs_11,
          ashenzari_altar_1, uniq_louise, uniq_nessos
Lair:1:   beast_lair_carwin_large_1, layout_cave_pods,
          hellmonk_guarded_unrand_seven_league_boots, uniq_maggie, uniq_amaemon
Lair:2:   layout_small_grid, guppyfry_snake_entry_island, grunt_megastairs_1,
          uniq_urug
Lair:3:   layout_gridlike, skrybe_swamp_entry_bodies, beast_lair_carwin_4
Lair:4:   layout_regular_city, dpeg_slime_entry_corner,
          portal_ice_cave_entry_ice_simulacra
Lair:5:   evilmike_catoblepas_cave, layout_long_grid
Swamp:1:  nicolae_swamp_secret_spriggan_hideout, layout_basic_swamp,
          evilmike_swamp_ruin_house_3, uniq_frances
Swamp:2:  layout_basic_swamp, hangedman_swamp_blocks, swamp_pool1, uniq_donald,
          uniq_roxanne
Swamp:3:  cheibrodos_swamp_tower_of_moss, layout_basic_swamp, serial_swamp_ruin,
          evilmike_swamp_ruin_house_4, evilmike_swamp_ruin_rubble_1,
          evilmike_swamp_ruin_house_2, swamp_pool1, infiniplex_staircase_pool
Swamp:4:  swamp_basic_johnstein, layout_basic_swamp, swamp_pool2
Snake:1:  layout_misc_corridors, serial_shops, shop
Snake:2:  nicolae_snake_hallway, layout_cave_town, ebering_ghost_inner_flame,
          nicolae_snake_gridmaze_swirls, uniq_aizul
Snake:3:  layout_honeycomb, nicolae_shop_unique_rings, uniq_azrael
Snake:4:  johnstein_snake_rune_scales, layout_onion_interference, uniq_nikola
Orc:1:    layout_caves
Orc:2:    st_orc_ogre_mass, layout_caves, enter_volcano_2, bh_open_orc_temple,
          uniq_sonja
Elf:1:    eino_elf_arrival_the_gate, layout_geoelf_grid, basic_altar,
          minmay_elf_crystal_hexagon, nrook_mini_backslash,
          nicolae_elf_deep_friendship, uniq_kirke
Elf:2:    nicolae_elf_blades_crystal_corner, layout_geoelf_diagonals,
          serial_shops, shop_statue
Elf:3:    minmay_elf_hall_x, layout_loops_corners
Depths:1: minmay_skeletal_surprise, layout_cave_pools, enter_ziggurat_d,
          hangedman_decor_opposing, rand_demon_pan_entry_3,
          minmay_room_of_horrors, hangedman_tar_grid_catacomb, serial_shops,
          nicolae_shop_crystal, kennysheep_generic_room_6, minmay_shoptagon
Depths:2: minmay_swirls_squares, layout_honeycomb, enter_trove_0, pan_entry,
          nicolae_uskayaw_en_pointe, abyss_entry_glasseish, serial_shops,
          nicolae_inconvenience_store, hell_entry, serial_bayou_crossing,
          uniq_enchantress

Skill      XL: |  1  2  3  4  5  6  7  8  9 10 11 12 13 14 15 16 17 18 19 20 |
---------------+-------------------------------------------------------------+-----
Polearms       | 2 3 4 5 6 8 9 11 12 | 12.3
Shields        | 3 4 5 7 8 10 11 12 13 14 15 16 | 16.1
Armour         | 3 4 5 7 8 10 11 12 13 14 15 16 | 16.0
Spellcasting   | 1 2 3 5 7 9 |  9.8
Fighting       | 4 5 6 7 9 11 12 13 | 13.6
Invocations    | 3 7 10 14 20 | 20.1
Dodging        | 1 6 7 9 10 | 10.7
Evocations     | 4 |  4.5
Air Magic      | 5 |  5.8

Action                   |  1- 3 |  4- 6 |  7- 9 | 10-12 | 13-15 | 16-18 | 19-21 || total
-------------------------+-------+-------+-------+-------+-------+-------+-------++-------
Melee: Trident           |    99 |   240 |   290 |       |   104 |       |   271 ||  1004
       Headbutt          |       |    21 |    45 |   101 |   303 |   266 |   185 ||   921
       Unarmed           |       |    11 |     6 |       |       |       |       ||    17
       Spear             |       |       |    91 |   500 |  1173 |  1191 |   468 ||  3423
Throw: Throwing net      |       |       |     1 |     2 |     2 |     1 |       ||     6
       Dart              |       |       |       |     5 |    10 |       |       ||    15
       Javelin           |       |       |       |       |       |     3 |     2 ||     5
 Cast: Wereblood         |       |       |       |       |       |       |     3 ||     3
       Swiftness         |       |       |       |       |       |       |     1 ||     1
Invok: Ancestor Life: He |       |       |     1 |       |       |       |       ||     1
       Ancestor Identity |       |       |     1 |       |       |       |       ||     1
       Recall Ancestor   |       |       |       |     2 |     2 |     3 |       ||     7
       Idealise          |       |       |       |     1 |     2 |    22 |     2 ||    27
       Transference      |       |       |       |     1 |     1 |     2 |       ||     4
Evoke: Wand              |       |       |     3 |    10 |       |    40 |     9 ||    62
       Tin of tremorston |       |       |       |       |     2 |     2 |     1 ||     5
       Phantom mirror    |       |       |       |       |       |     2 |     3 ||     5
       Condenser vane    |       |       |       |       |       |     2 |       ||     2
       Lightning rod     |       |       |       |       |       |     8 |       ||     8
       Box of beasts     |       |       |       |       |       |       |     1 ||     1
       Phial of floods   |       |       |       |       |       |       |     1 ||     1
  Use: Potion            |     3 |    10 |     3 |     9 |    11 |    17 |     6 ||    59
       Scroll            |     3 |     9 |     6 |    11 |    12 |    14 |    10 ||    65
 Stab: Invisible         |       |     6 |       |       |     4 |       |       ||    10
       Distracted        |       |       |     5 |     5 |    14 |    22 |    11 ||    57
       Confused          |       |       |     3 |     7 |    18 |     8 |    40 ||    76
       Paralysed         |       |       |       |     1 |    18 |    81 |    35 ||   135
       Petrified         |       |       |       |       |     3 |       |       ||     3
       Petrifying        |       |       |       |       |     1 |       |       ||     1
       Sleeping          |       |       |       |       |     1 |     4 |     1 ||     6
Armor: Scale mail        |    30 |    70 |    41 |       |       |       |       ||   141
       Skin              |       |    18 |     4 |       |       |       |       ||    22
       Chain mail        |       |       |    76 |   113 |   255 |       |       ||   444
       Ring mail         |       |       |       |     4 |       |       |       ||     4
       Swamp dragon scal |       |       |       |       |    17 |   150 |    78 ||   245
Dodge: Dodged            |    31 |    90 |    98 |   116 |   163 |   167 |   144 ||   809
Block: Buckler           |    22 |    90 |   139 |   164 |   213 |       |       ||   628
       Other             |       |       |     1 |       |       |       |       ||     1
       Tower shield      |       |       |       |       |   285 |   166 |   446 ||   897
       Reflection        |       |       |       |       |    38 |    78 |    63 ||   179
       Kite shield       |       |       |       |       |       |   344 |       ||   344
